[ PARTIDA AOE2 · #473584026 ]
UnrankedBohemios vs Shu
[ ANÁLISIS DE REPETICIÓN · EXTRAÍDO DE LA PARTIDA GRABADA ]
Feudal
12:22
Castillos
16:00
Imperial
30:48
| APM promedio | 53.4 |
| APM pico | 98 |
| eAPM promedio | 33.9 |
| Aldeanos / militares | 200 / 254 |
Foco
⚔️ 33.2% · 🌾 66.8%
Skirmisher ×161 · Hussite Wagon ×67 · Trade Cart ×28 · Fishing Ship ×26 · Bombard Cannon ×16 · Hand Cannoneer ×4
Feudal
11:52
Castillos
16:01
Imperial
29:39
| APM promedio | 36.1 |
| APM pico | 73 |
| eAPM promedio | 29.0 |
| Aldeanos / militares | 160 / 97 |
Foco
⚔️ 27.6% · 🌾 72.4%
Archer ×80 · Unknown (1959) ×70 · Trade Cart ×43 · Unknown (1942) ×27 · Mangonel ×13 · Fishing Ship ×8
Feudal
11:44
Castillos
17:03
Imperial
45:49
| APM promedio | 43.1 |
| APM pico | 77 |
| eAPM promedio | 25.1 |
| Aldeanos / militares | 203 / 182 |
Foco
⚔️ 33.3% · 🌾 66.7%
Throwing Axeman ×112 · Spearman ×57 · Mangonel ×10 · Trade Cart ×8 · Battering Ram ×3
Feudal
9:32
Castillos
20:08
Imperial
30:41
| APM promedio | 46.0 |
| APM pico | 113 |
| eAPM promedio | 18.8 |
| Aldeanos / militares | 130 / 249 |
Foco
⚔️ 28.5% · 🌾 71.5%
Bolas Rider ×190 · Skirmisher ×55 · Unknown (2550) ×5 · Petard ×4
Feudal
11:09
Castillos
15:45
Imperial
39:05
| APM promedio | 49.9 |
| APM pico | 97 |
| eAPM promedio | 26.6 |
| Aldeanos / militares | 111 / 73 |
Foco
⚔️ 39.3% · 🌾 60.7%
Spearman ×50 · Mangonel ×8 · Militia ×7 · Scorpion ×2 · Centurion ×2 · Battering Ram ×2
Feudal
9:45
Castillos
26:48
Imperial
39:31
| APM promedio | 51.6 |
| APM pico | 96 |
| eAPM promedio | 36.5 |
| Aldeanos / militares | 179 / 219 |
Foco
⚔️ 32.2% · 🌾 67.8%
Skirmisher ×126 · Trade Cart ×52 · Knight ×49 · Hand Cannoneer ×25 · Scout Cavalry ×15 · Unknown (2626) ×8
Feudal
11:38
Castillos
15:14
Imperial
31:00
| APM promedio | 32.5 |
| APM pico | 109 |
| eAPM promedio | 18.2 |
| Aldeanos / militares | 125 / 126 |
Foco
⚔️ 36.4% · 🌾 63.6%
Steppe Lancer ×84 · Unknown (1923) ×36 · Camel Scout ×31 · Fishing Ship ×17 · Demolition Raft ×6 · Trebuchet (Packed) ×3
Feudal
13:20
Castillos
17:16
Imperial
37:12
| APM promedio | 52.2 |
| APM pico | 102 |
| eAPM promedio | 26.8 |
| Aldeanos / militares | 141 / 145 |
Foco
⚔️ 29.8% · 🌾 70.2%
Obuch ×94 · Fishing Ship ×43 · Knight ×24 · Bombard Cannon ×11 · Battering Ram ×9 · Fire Galley ×4
Mapa de la partida
Recursos iniciales + cada clic de construcción. Líneas = muros · curvas = relieve. ◆ oro · ⬟ piedra · ● bayas · ✦ reliquia · ◌ hueco del cierre
Tu base· ✓ Cerrada en 16:00 · 0t muro · sin puerta
Base de RedPanda· Abierta — el rival se encerró
Base de hp_wong· Abierta — el rival se encerró
Base de Something Phoetic· ✓ Cerrada en 20:08 · 15t muro · sin puerta
Base de 36· ✓ Cerrada en 15:45 · 24t muro · sin puerta
Base de trói em vào cột điện· ✓ Cerrada en 26:48 · 37t muro · sin puerta
Base de VanillaCoke· Abierta — el rival se encerró
Base de Donnie Darko· ✓ Cerrada en 17:16 · 8t muro · 1 puerta(s)
Terreno inicial suavizado · ◌ = hueco del cierre detectado · pasá el cursor para detalles
Inputs por minuto
— stop_whining_start_winning - - RedPanda
Build order — stop_whining_start_winning
Primeras 150 de 691 acciones detectadas
| 0:01 | Crear | Villager (Male) |
| 0:01 | Crear | Villager (Male) |
| 0:01 | Crear | Villager (Male) |
| 0:02 | Crear | Villager (Male) |
| 0:03 | Construir | House |
| 0:04 | Construir | House |
| 1:38 | Crear | Villager (Male) |
| 1:49 | Crear | Villager (Male) |
| 2:09 | Construir | Lumber Camp |
| 2:12 | Crear | Villager (Male) |
| 2:34 | Crear | Villager (Male) |
| 3:05 | Crear | Villager (Male) |
| 3:35 | Crear | Villager (Male) |
| 3:57 | Crear | Villager (Male) |
| 4:13 | Construir | Dock |
| 4:27 | Construir | House |
| 4:40 | Crear | Villager (Male) |
| 4:54 | Construir | House |
| 5:12 | Crear | Villager (Male) |
| 5:34 | Crear | Villager (Male) |
| 5:34 | Crear | Villager (Male) |
| 5:40 | Crear | Fishing Ship |
| 6:03 | Construir | House |
| 6:21 | Crear | Villager (Male) |
| 6:22 | Crear | Villager (Male) |
| 6:26 | Crear | Fishing Ship |
| 6:52 | Crear | Villager (Male) |
| 6:53 | Crear | Fishing Ship |
| 7:20 | Crear | Fishing Ship |
| 7:59 | Crear | Villager (Male) |
| 8:31 | Crear | Villager (Male) |
| 8:32 | Crear | Villager (Male) |
| 8:40 | Crear | Fishing Ship |
| 8:41 | Crear | Fishing Ship |
| 9:04 | Construir | House |
| 9:10 | Crear | Villager (Male) |
| 9:10 | Crear | Villager (Male) |
| 9:11 | Crear | Villager (Male) |
| 9:11 | Crear | Villager (Male) |
| 9:11 | Crear | Villager (Male) |
| 9:12 | Crear | Villager (Male) |
| 9:12 | Crear | Fishing Ship |
| 9:33 | Construir | Mill |
| 9:58 | Investigar | Feudal Age |
| 9:58 | Investigar | Feudal Age |
| 9:59 | Crear | Fishing Ship |
| 10:32 | Construir | Mining Camp |
| 11:47 | Crear | Fishing Ship |
| 12:22 | Edad | Edad Feudal |
| 12:23 | Construir | Market |
| 12:24 | Construir | Blacksmith |
| 12:26 | Construir | House |
| 12:29 | Crear | Villager (Male) |
| 12:29 | Crear | Villager (Male) |
| 12:40 | Investigar | Tech 906 |
| 12:42 | Investigar | Double-Bit Axe |
| 13:20 | Investigar | Castle Age |
| 13:20 | Investigar | Castle Age |
| 13:24 | Construir | Lumber Camp |
| 13:57 | Construir | Fish Trap |
| 14:09 | Construir | Fish Trap |
| 14:51 | Construir | Fish Trap |
| 14:59 | Crear | Villager (Male) |
| 15:00 | Crear | Villager (Male) |
| 15:02 | Construir | House |
| 15:05 | Construir | Fish Trap |
| 15:07 | Construir | Fish Trap |
| 15:09 | Construir | Fish Trap |
| 15:19 | Construir | Fish Trap |
| 16:00 | Edad | Edad de los Castillos |
| 16:01 | Construir | Town Center |
| 16:22 | Crear | Villager (Male) |
| 16:23 | Crear | Villager (Male) |
| 16:32 | Construir | Siege Workshop |
| 16:46 | Crear | Villager (Male) |
| 16:49 | Construir | Fish Trap |
| 17:01 | Construir | Palisade Wall |
| 17:03 | Construir | Palisade Wall |
| 17:04 | Construir | Palisade Wall |
| 17:12 | Construir | Gate |
| 17:16 | Construir | Gate |
| 17:36 | Crear | Villager (Male) |
| 17:36 | Crear | Villager (Male) |
| 17:39 | Investigar | Bow Saw |
| 17:39 | Investigar | Bow Saw |
| 17:45 | Crear | Mangonel |
| 17:49 | Construir | Outpost |
| 17:56 | Crear | Villager (Male) |
| 17:58 | Crear | Fishing Ship |
| 18:02 | Investigar | Horse Collar |
| 18:06 | Investigar | Loom |
| 18:06 | Crear | Villager (Male) |
| 18:24 | Construir | House |
| 18:29 | Construir | Outpost |
| 18:39 | Crear | Villager (Male) |
| 18:44 | Construir | House |
| 18:46 | Construir | House |
| 18:53 | Crear | Villager (Male) |
| 18:55 | Construir | Town Center |
| 19:13 | Crear | Villager (Male) |
| 19:14 | Construir | Fish Trap |
| 19:17 | Crear | Fishing Ship |
| 19:29 | Crear | Villager (Male) |
| 19:35 | Investigar | Gillnets |
| 19:39 | Crear | Villager (Male) |
| 19:39 | Crear | Villager (Male) |
| 19:39 | Crear | Villager (Male) |
| 19:57 | Construir | House |
| 19:57 | Crear | Villager (Male) |
| 20:11 | Construir | Town Center |
| 20:16 | Crear | Villager (Male) |
| 20:23 | Construir | Dock |
| 20:30 | Construir | Fish Trap |
| 20:31 | Crear | Villager (Male) |
| 20:31 | Crear | Villager (Male) |
| 20:38 | Crear | Villager (Male) |
| 20:40 | Crear | Villager (Male) |
| 20:40 | Crear | Villager (Male) |
| 20:40 | Crear | Villager (Male) |
| 20:41 | Crear | Villager (Male) |
| 20:41 | Crear | Villager (Male) |
| 20:52 | Construir | Outpost |
| 20:55 | Construir | Outpost |
| 20:56 | Crear | Villager (Male) |
| 21:05 | Investigar | Horse Collar |
| 21:06 | Crear | Villager (Male) |
| 21:07 | Crear | Fishing Ship |
| 21:09 | Crear | Fishing Ship |
| 21:16 | Construir | Dock |
| 21:18 | Crear | Villager (Male) |
| 21:27 | Construir | House |
| 21:28 | Construir | House |
| 21:28 | Construir | House |
| 21:28 | Construir | House |
| 21:29 | Construir | House |
| 21:34 | Investigar | Wheelbarrow |
| 21:36 | Crear | Villager (Male) |
| 21:48 | Crear | Villager (Male) |
| 21:49 | Crear | Villager (Male) |
| 21:57 | Construir | Fish Trap |
| 22:00 | Construir | Fish Trap |
| 22:02 | Crear | Fishing Ship |
| 22:02 | Crear | Fishing Ship |
| 22:07 | Construir | Farm |
| 22:07 | Crear | Villager (Male) |
| 22:09 | Crear | Villager (Male) |
| 22:09 | Crear | Villager (Male) |
| 22:16 | Construir | Mining Camp |
| 22:20 | Construir | Farm |
| 22:22 | Crear | Villager (Male) |
Build order — RedPanda
Primeras 150 de 632 acciones detectadas
| 0:01 | Crear | Villager (Male) |
| 0:01 | Crear | Villager (Male) |
| 0:01 | Crear | Villager (Male) |
| 0:02 | Crear | Villager (Male) |
| 0:03 | Construir | House |
| 0:04 | Construir | House |
| 1:27 | Crear | Villager (Male) |
| 1:28 | Crear | Villager (Male) |
| 1:47 | Construir | Lumber Camp |
| 1:59 | Crear | Villager (Male) |
| 2:00 | Crear | Villager (Male) |
| 2:14 | Crear | Villager (Male) |
| 2:15 | Crear | Villager (Male) |
| 2:43 | Crear | Villager (Male) |
| 2:44 | Crear | Villager (Male) |
| 3:08 | Crear | Villager (Male) |
| 3:26 | Construir | House |
| 3:34 | Crear | Villager (Male) |
| 3:34 | Crear | Villager (Male) |
| 3:56 | Crear | Villager (Male) |
| 3:56 | Crear | Villager (Male) |
| 4:18 | Crear | Villager (Male) |
| 4:19 | Crear | Villager (Male) |
| 4:27 | Crear | Villager (Male) |
| 4:40 | Construir | House |
| 4:59 | Construir | Dock |
| 5:24 | Crear | Villager (Male) |
| 5:24 | Crear | Villager (Male) |
| 5:42 | Investigar | Loom |
| 5:44 | Crear | Villager (Male) |
| 6:04 | Crear | Fishing Ship |
| 6:04 | Crear | Fishing Ship |
| 6:16 | Crear | Villager (Male) |
| 6:46 | Crear | Villager (Male) |
| 6:53 | Construir | Lumber Camp |
| 6:56 | Crear | Villager (Male) |
| 7:05 | Crear | Villager (Male) |
| 7:19 | Crear | Villager (Male) |
| 7:20 | Crear | Villager (Male) |
| 7:38 | Construir | House |
| 7:53 | Construir | Mining Camp |
| 8:29 | Crear | Fishing Ship |
| 8:57 | Construir | Mill |
| 9:02 | Crear | Villager (Male) |
| 9:35 | Construir | House |
| 9:37 | Construir | House |
| 9:42 | Investigar | Feudal Age |
| 10:10 | Crear | Fishing Ship |
| 10:13 | Crear | Fishing Ship |
| 11:08 | Crear | Villager (Male) |
| 11:24 | Crear | Fishing Ship |
| 11:41 | Crear | Villager (Male) |
| 11:52 | Edad | Edad Feudal |
| 11:55 | Construir | Market |
| 12:00 | Construir | Blacksmith |
| 12:27 | Crear | Villager (Male) |
| 13:21 | Investigar | Castle Age |
| 13:23 | Investigar | Double-Bit Axe |
| 13:45 | Construir | Fish Trap |
| 13:48 | Investigar | Tech 906 |
| 13:52 | Construir | Fish Trap |
| 14:20 | Investigar | Gold Mining |
| 14:29 | Construir | Fish Trap |
| 14:33 | Construir | Fish Trap |
| 14:37 | Crear | Fishing Ship |
| 14:37 | Crear | Fishing Ship |
| 14:45 | Construir | House |
| 14:47 | Construir | House |
| 15:36 | Crear | Villager (Male) |
| 16:00 | Crear | Villager (Male) |
| 16:01 | Edad | Edad de los Castillos |
| 16:06 | Construir | Town Center |
| 16:07 | Crear | Villager (Male) |
| 16:14 | Investigar | Bow Saw |
| 16:17 | Crear | Villager (Male) |
| 16:24 | Crear | Villager (Male) |
| 16:37 | Crear | Villager (Male) |
| 16:37 | Crear | Villager (Male) |
| 16:47 | Crear | Villager (Male) |
| 16:56 | Construir | Town Center |
| 17:01 | Crear | Villager (Male) |
| 17:05 | Crear | Villager (Male) |
| 17:18 | Crear | Villager (Male) |
| 17:25 | Crear | Villager (Male) |
| 17:28 | Construir | Stone Wall |
| 17:31 | Crear | Villager (Male) |
| 17:36 | Construir | Gate |
| 17:36 | Crear | Villager (Male) |
| 17:37 | Crear | Villager (Male) |
| 17:43 | Crear | Villager (Male) |
| 17:54 | Crear | Villager (Male) |
| 17:54 | Crear | Villager (Male) |
| 17:59 | Construir | Stone Wall |
| 18:02 | Crear | Villager (Male) |
| 18:03 | Crear | Villager (Male) |
| 18:03 | Crear | Villager (Male) |
| 18:07 | Construir | Siege Workshop |
| 18:11 | Investigar | Wheelbarrow |
| 18:12 | Crear | Villager (Male) |
| 18:12 | Crear | Villager (Male) |
| 18:13 | Crear | Villager (Male) |
| 18:20 | Crear | Galley |
| 18:20 | Crear | Galley |
| 18:31 | Crear | Villager (Male) |
| 18:32 | Crear | Villager (Male) |
| 18:38 | Investigar | Horse Collar |
| 18:55 | Crear | Villager (Male) |
| 19:04 | Construir | House |
| 19:05 | Construir | House |
| 19:07 | Crear | Villager (Male) |
| 19:15 | Crear | Villager (Male) |
| 19:15 | Crear | Villager (Male) |
| 19:16 | Crear | Villager (Male) |
| 19:33 | Crear | Galley |
| 19:41 | Crear | Villager (Male) |
| 19:49 | Crear | Villager (Male) |
| 19:50 | Construir | House |
| 19:52 | Construir | House |
| 19:56 | Crear | Mangonel |
| 19:56 | Crear | Mangonel |
| 20:06 | Construir | Farm |
| 20:06 | Construir | Farm |
| 20:06 | Construir | Farm |
| 20:07 | Construir | Farm |
| 20:11 | Investigar | Heavy Plow |
| 20:24 | Construir | Farm |
| 20:25 | Construir | Farm |
| 20:25 | Construir | Farm |
| 20:25 | Construir | Farm |
| 20:26 | Construir | Farm |
| 20:26 | Construir | Farm |
| 20:26 | Construir | Farm |
| 20:26 | Construir | Farm |
| 20:27 | Construir | Farm |
| 20:28 | Crear | Villager (Male) |
| 20:28 | Crear | Villager (Male) |
| 20:30 | Crear | Villager (Male) |
| 20:32 | Construir | Farm |
| 20:34 | Crear | Villager (Male) |
| 20:35 | Crear | Villager (Male) |
| 20:42 | Crear | Villager (Male) |
| 20:47 | Construir | Farm |
| 20:47 | Construir | Farm |
| 20:48 | Construir | Farm |
| 20:48 | Construir | Farm |
| 20:48 | Construir | Farm |
| 20:49 | Construir | Farm |
| 20:52 | Crear | Villager (Male) |
| 20:56 | Crear | Villager (Male) |
| 20:56 | Crear | Villager (Male) |
Build order — hp_wong
Primeras 150 de 459 acciones detectadas
| 0:01 | Crear | Villager (Male) |
| 0:01 | Crear | Villager (Male) |
| 0:01 | Crear | Villager (Male) |
| 0:02 | Construir | House |
| 0:04 | Construir | House |
| 0:08 | Crear | Villager (Male) |
| 0:08 | Crear | Villager (Male) |
| 1:20 | Crear | Villager (Male) |
| 1:20 | Crear | Villager (Male) |
| 1:20 | Crear | Villager (Male) |
| 1:26 | Construir | Lumber Camp |
| 2:03 | Crear | Villager (Male) |
| 2:04 | Crear | Villager (Male) |
| 2:31 | Investigar | Loom |
| 2:31 | Investigar | Loom |
| 2:34 | Crear | Villager (Male) |
| 2:34 | Crear | Villager (Male) |
| 2:35 | Crear | Villager (Male) |
| 3:00 | Crear | Villager (Male) |
| 3:01 | Crear | Villager (Male) |
| 3:31 | Construir | House |
| 3:38 | Construir | House |
| 3:42 | Construir | House |
| 3:46 | Crear | Villager (Male) |
| 3:47 | Crear | Villager (Male) |
| 3:47 | Crear | Villager (Male) |
| 3:53 | Construir | House |
| 4:34 | Crear | Villager (Male) |
| 4:34 | Crear | Villager (Male) |
| 4:34 | Crear | Villager (Male) |
| 4:52 | Crear | Villager (Male) |
| 4:52 | Crear | Villager (Male) |
| 4:52 | Crear | Villager (Male) |
| 5:23 | Crear | Villager (Male) |
| 5:23 | Crear | Villager (Male) |
| 5:40 | Crear | Villager (Male) |
| 5:53 | Construir | House |
| 6:00 | Crear | Villager (Male) |
| 6:22 | Construir | Palisade Wall |
| 6:22 | Construir | Palisade Wall |
| 6:23 | Construir | Palisade Wall |
| 6:23 | Construir | Palisade Wall |
| 6:24 | Construir | Palisade Wall |
| 6:25 | Construir | Palisade Wall |
| 6:25 | Construir | Palisade Wall |
| 6:28 | Crear | Villager (Male) |
| 6:49 | Crear | Villager (Male) |
| 7:25 | Crear | Villager (Male) |
| 7:30 | Construir | Outpost |
| 7:40 | Construir | House |
| 7:45 | Crear | Villager (Male) |
| 7:59 | Construir | House |
| 8:25 | Construir | Mill |
| 8:30 | Crear | Villager (Male) |
| 9:00 | Crear | Villager (Male) |
| 9:16 | Construir | Mining Camp |
| 9:31 | Investigar | Feudal Age |
| 9:31 | Investigar | Feudal Age |
| 9:31 | Investigar | Feudal Age |
| 9:38 | Construir | Palisade Wall |
| 9:40 | Construir | Palisade Wall |
| 10:30 | Crear | Villager (Male) |
| 10:30 | Crear | Villager (Male) |
| 10:31 | Crear | Villager (Male) |
| 11:23 | Construir | House |
| 11:25 | Construir | House |
| 11:28 | Construir | Palisade Wall |
| 11:43 | Construir | Mining Camp |
| 11:44 | Edad | Edad Feudal |
| 11:47 | Investigar | Double-Bit Axe |
| 11:48 | Crear | Villager (Male) |
| 11:49 | Crear | Villager (Male) |
| 11:53 | Construir | Stone Wall |
| 11:56 | Construir | Stone Wall |
| 12:15 | Construir | Market |
| 12:43 | Construir | Watch Tower |
| 12:45 | Crear | Villager (Male) |
| 13:10 | Construir | Farm |
| 13:23 | Construir | Blacksmith |
| 13:25 | Crear | Villager (Male) |
| 13:55 | Construir | Farm |
| 14:02 | Construir | Stone Wall |
| 14:03 | Construir | Outpost |
| 14:23 | Investigar | Castle Age |
| 15:05 | Construir | Farm |
| 15:09 | Construir | Farm |
| 15:27 | Construir | House |
| 15:33 | Construir | House |
| 15:41 | Construir | Stone Wall |
| 16:19 | Crear | Villager (Male) |
| 17:03 | Edad | Edad de los Castillos |
| 17:04 | Investigar | Bow Saw |
| 17:05 | Investigar | Bow Saw |
| 17:09 | Construir | Siege Workshop |
| 17:16 | Crear | Villager (Male) |
| 17:22 | Construir | Town Center |
| 17:28 | Crear | Villager (Male) |
| 17:40 | Crear | Mangonel |
| 17:55 | Crear | Villager (Male) |
| 18:00 | Construir | House |
| 18:10 | Crear | Mangonel |
| 18:14 | Crear | Villager (Male) |
| 18:34 | Crear | Villager (Male) |
| 18:35 | Crear | Villager (Male) |
| 19:16 | Crear | Villager (Male) ×5 |
| 19:31 | Crear | Mangonel |
| 19:31 | Crear | Mangonel |
| 19:39 | Crear | Villager (Male) |
| 19:58 | Crear | Villager (Male) |
| 20:22 | Crear | Mangonel |
| 20:22 | Crear | Mangonel |
| 20:46 | Crear | Villager (Male) |
| 20:47 | Crear | Villager (Male) |
| 21:22 | Construir | Siege Workshop |
| 21:31 | Construir | Castle |
| 21:40 | Crear | Mangonel |
| 21:47 | Construir | Lumber Camp |
| 21:47 | Construir | Lumber Camp |
| 21:50 | Crear | Villager (Male) |
| 22:02 | Crear | Villager (Male) |
| 22:03 | Crear | Villager (Male) |
| 22:03 | Crear | Villager (Male) |
| 22:38 | Construir | Farm |
| 22:39 | Construir | Farm |
| 23:10 | Construir | Market |
| 23:11 | Construir | Farm |
| 23:12 | Construir | Farm |
| 23:19 | Crear | Villager (Male) |
| 23:19 | Crear | Villager (Male) |
| 23:21 | Construir | Farm |
| 23:23 | Construir | Farm |
| 23:34 | Construir | Farm |
| 23:38 | Crear | Mangonel |
| 23:51 | Construir | Farm |
| 23:53 | Construir | Farm |
| 24:01 | Crear | Villager (Male) |
| 24:01 | Crear | Villager (Male) |
| 24:02 | Crear | Villager (Male) |
| 24:10 | Construir | Farm |
| 24:12 | Construir | Farm |
| 24:13 | Construir | Farm |
| 24:22 | Crear | Villager (Male) |
| 24:38 | Crear | Villager (Male) |
| 24:39 | Crear | Villager (Male) |
| 24:42 | Construir | Farm |
| 24:52 | Construir | Town Center |
| 24:56 | Crear | Throwing Axeman |
| 24:56 | Crear | Throwing Axeman |
| 25:01 | Construir | Farm |
| 25:05 | Construir | Farm |
Build order — Something Phoetic
Primeras 150 de 414 acciones detectadas
| 0:00 | Crear | Villager (Male) |
| 0:01 | Crear | Villager (Male) |
| 0:02 | Construir | House |
| 0:03 | Construir | House |
| 0:32 | Crear | Villager (Male) |
| 0:40 | Crear | Villager (Male) |
| 1:43 | Crear | Villager (Male) |
| 1:43 | Crear | Villager (Male) |
| 2:14 | Construir | Settlement |
| 2:28 | Crear | Villager (Male) |
| 2:28 | Crear | Villager (Male) |
| 3:11 | Construir | House |
| 3:21 | Crear | Villager (Male) |
| 3:37 | Crear | Villager (Male) |
| 3:37 | Crear | Villager (Male) |
| 4:20 | Crear | Villager (Male) |
| 4:56 | Crear | Villager (Male) |
| 5:06 | Construir | Barracks |
| 5:17 | Crear | Villager (Male) |
| 5:49 | Crear | Villager (Male) |
| 5:50 | Crear | Villager (Male) |
| 5:56 | Construir | Palisade Wall |
| 6:08 | Construir | House |
| 6:47 | Crear | Villager (Male) |
| 7:22 | Investigar | Feudal Age |
| 7:31 | Crear | Unit 2550 |
| 7:38 | Construir | House |
| 7:59 | Crear | Unit 2550 |
| 8:18 | Crear | Unit 2550 |
| 8:23 | Crear | Unit 2550 |
| 8:29 | Crear | Villager (Male) |
| 9:32 | Edad | Edad Feudal |
| 9:36 | Construir | Watch Tower |
| 9:44 | Construir | Watch Tower |
| 9:48 | Investigar | Loom |
| 9:49 | Investigar | Tech 1402 |
| 9:55 | Crear | Villager (Male) |
| 10:00 | Investigar | Horse Collar |
| 10:02 | Investigar | Double-Bit Axe |
| 10:36 | Crear | Villager (Male) |
| 10:39 | Investigar | Loom |
| 10:52 | Construir | Settlement |
| 11:26 | Crear | Villager (Male) |
| 11:26 | Crear | Villager (Male) |
| 11:41 | Investigar | Horse Collar |
| 12:11 | Crear | Villager (Male) |
| 12:25 | Crear | Villager (Male) |
| 12:53 | Construir | Blacksmith |
| 12:57 | Crear | Villager (Male) |
| 12:57 | Crear | Villager (Male) |
| 13:12 | Construir | House |
| 13:15 | Investigar | Fletching |
| 13:30 | Crear | Villager (Male) |
| 14:05 | Crear | Villager (Male) |
| 14:07 | Construir | Farm |
| 14:08 | Construir | Farm |
| 14:09 | Construir | Farm |
| 15:03 | Crear | Villager (Male) |
| 15:38 | Crear | Villager (Male) |
| 15:38 | Crear | Villager (Male) |
| 15:38 | Crear | Villager (Male) |
| 15:41 | Construir | Market |
| 16:31 | Crear | Villager (Male) |
| 16:34 | Construir | Settlement |
| 17:09 | Construir | Outpost |
| 17:28 | Investigar | Castle Age |
| 17:58 | Construir | Stone Wall |
| 18:02 | Construir | Stone Wall |
| 18:37 | Construir | Outpost |
| 18:40 | Construir | Outpost |
| 18:44 | Construir | Farm |
| 18:45 | Construir | Farm |
| 18:45 | Construir | Farm |
| 19:24 | Crear | Villager (Male) |
| 19:42 | Crear | Villager (Male) |
| 19:53 | Crear | Villager (Male) |
| 20:03 | Crear | Villager (Male) |
| 20:08 | Edad | Edad de los Castillos |
| 20:17 | Construir | Town Center |
| 20:23 | Crear | Villager (Male) |
| 20:26 | Investigar | Bow Saw |
| 20:44 | Investigar | Town Watch |
| 20:55 | Crear | Villager (Male) |
| 20:57 | Construir | Farm |
| 20:59 | Construir | Farm |
| 21:00 | Construir | Farm |
| 21:02 | Construir | Farm |
| 21:05 | Crear | Unit 2550 |
| 21:17 | Construir | Outpost |
| 21:19 | Investigar | Heavy Plow |
| 21:21 | Crear | Villager (Male) |
| 21:36 | Crear | Villager (Male) |
| 21:36 | Crear | Villager (Male) |
| 21:36 | Crear | Villager (Male) |
| 21:38 | Construir | Farm |
| 21:38 | Construir | Farm |
| 21:38 | Construir | Farm |
| 21:38 | Construir | Farm |
| 21:38 | Construir | Farm |
| 21:43 | Construir | Farm |
| 21:46 | Crear | Villager (Male) |
| 21:50 | Construir | House |
| 21:55 | Crear | Villager (Male) |
| 22:10 | Construir | Outpost |
| 22:16 | Construir | Outpost |
| 22:23 | Construir | Farm |
| 22:24 | Crear | Villager (Male) |
| 22:24 | Crear | Villager (Male) |
| 22:42 | Construir | Outpost |
| 22:47 | Crear | Villager (Male) |
| 22:59 | Construir | Town Center |
| 23:00 | Crear | Villager (Male) |
| 23:00 | Crear | Villager (Male) |
| 23:00 | Crear | Villager (Male) |
| 23:26 | Crear | Villager (Male) |
| 23:28 | Construir | Farm |
| 23:45 | Investigar | Wheelbarrow |
| 23:50 | Crear | Villager (Male) |
| 23:50 | Crear | Villager (Male) |
| 23:50 | Crear | Villager (Male) |
| 23:56 | Construir | House |
| 23:57 | Construir | House |
| 23:58 | Construir | House |
| 24:24 | Crear | Villager (Male) |
| 24:30 | Crear | Villager (Male) |
| 24:31 | Construir | Farm |
| 24:31 | Construir | Farm |
| 24:32 | Construir | Farm |
| 24:32 | Construir | Farm |
| 24:32 | Construir | Farm |
| 24:32 | Construir | Farm |
| 24:32 | Construir | Farm |
| 24:33 | Construir | Farm |
| 24:33 | Construir | Farm |
| 24:50 | Construir | Outpost |
| 24:54 | Crear | Villager (Male) |
| 24:54 | Crear | Villager (Male) |
| 24:54 | Crear | Villager (Male) |
| 24:57 | Construir | Farm |
| 24:57 | Construir | Farm |
| 24:57 | Construir | Farm |
| 24:57 | Construir | Farm |
| 25:31 | Crear | Villager (Male) |
| 25:31 | Crear | Villager (Male) |
| 25:31 | Crear | Villager (Male) |
| 25:36 | Construir | Farm |
| 25:38 | Construir | Farm |
| 25:39 | Construir | Farm |
| 25:41 | Crear | Villager (Male) |
| 25:57 | Crear | Villager (Male) |
Build order — 36
Primeras 150 de 343 acciones detectadas
| 0:03 | Crear | Villager (Male) |
| 0:03 | Crear | Villager (Male) |
| 0:03 | Crear | Villager (Male) |
| 0:04 | Crear | Villager (Male) |
| 0:04 | Crear | Villager (Male) |
| 0:05 | Construir | House |
| 0:07 | Construir | House |
| 0:48 | Investigar | Loom |
| 0:49 | Crear | Villager (Male) |
| 0:49 | Crear | Villager (Male) |
| 1:13 | Construir | Palisade Wall |
| 1:15 | Construir | Palisade Wall |
| 1:16 | Construir | Palisade Wall |
| 1:22 | Construir | Palisade Wall |
| 1:23 | Construir | Palisade Wall |
| 1:45 | Crear | Villager (Male) |
| 1:53 | Construir | House |
| 2:03 | Construir | Palisade Wall |
| 2:17 | Crear | Villager (Male) |
| 2:40 | Crear | Villager (Male) |
| 3:07 | Construir | Palisade Wall |
| 3:08 | Construir | Palisade Wall |
| 3:18 | Crear | Villager (Male) |
| 3:42 | Crear | Villager (Male) |
| 3:43 | Crear | Villager (Male) |
| 4:14 | Construir | Palisade Wall |
| 4:14 | Construir | Palisade Wall |
| 4:15 | Construir | Palisade Wall |
| 4:16 | Construir | Palisade Wall |
| 4:18 | Crear | Villager (Male) |
| 4:43 | Crear | Villager (Male) |
| 4:43 | Crear | Villager (Male) |
| 4:58 | Crear | Villager (Male) |
| 5:05 | Construir | Palisade Wall |
| 5:08 | Construir | Palisade Wall |
| 5:09 | Crear | Villager (Male) |
| 5:28 | Construir | House |
| 5:37 | Construir | Lumber Camp |
| 5:44 | Crear | Villager (Male) |
| 5:49 | Construir | Palisade Wall |
| 6:02 | Crear | Villager (Male) |
| 6:22 | Crear | Villager (Male) |
| 6:41 | Crear | Villager (Male) |
| 7:15 | Crear | Villager (Male) |
| 7:16 | Crear | Villager (Male) |
| 7:24 | Construir | House |
| 7:38 | Construir | Palisade Wall |
| 7:47 | Construir | Mill |
| 7:51 | Construir | Palisade Wall |
| 7:54 | Crear | Villager (Male) |
| 8:32 | Construir | Mining Camp |
| 8:59 | Investigar | Feudal Age |
| 10:08 | Construir | House |
| 11:09 | Edad | Edad Feudal |
| 11:10 | Construir | Market |
| 11:13 | Construir | Watch Tower |
| 11:15 | Crear | Villager (Male) |
| 11:28 | Construir | Blacksmith |
| 11:45 | Crear | Villager (Male) |
| 13:05 | Investigar | Castle Age |
| 14:10 | Construir | Lumber Camp |
| 15:04 | Investigar | Double-Bit Axe |
| 15:27 | Crear | Villager (Male) |
| 15:45 | Edad | Edad de los Castillos |
| 15:47 | Construir | Siege Workshop |
| 15:51 | Construir | Barracks |
| 16:16 | Crear | Villager (Male) |
| 16:21 | Crear | Mangonel |
| 16:31 | Crear | Mangonel |
| 16:31 | Crear | Mangonel |
| 17:02 | Crear | Spearman |
| 17:03 | Crear | Spearman |
| 17:26 | Crear | Mangonel |
| 17:41 | Crear | Villager (Male) |
| 17:59 | Construir | House |
| 17:59 | Construir | House |
| 18:00 | Construir | House |
| 18:24 | Crear | Battering Ram |
| 18:46 | Construir | Outpost |
| 19:08 | Crear | Battering Ram |
| 19:30 | Crear | Spearman |
| 19:31 | Crear | Villager (Male) |
| 19:31 | Crear | Villager (Male) |
| 19:35 | Crear | Mangonel |
| 19:44 | Construir | Outpost |
| 20:29 | Crear | Mangonel |
| 20:29 | Crear | Mangonel |
| 21:01 | Crear | Villager (Male) |
| 21:01 | Crear | Villager (Male) |
| 21:38 | Crear | Villager (Male) |
| 21:44 | Crear | Spearman |
| 21:45 | Crear | Spearman |
| 21:45 | Crear | Spearman |
| 22:06 | Crear | Spearman |
| 22:34 | Construir | Farm |
| 22:34 | Construir | Farm |
| 22:35 | Construir | Farm |
| 22:36 | Construir | Farm |
| 22:36 | Construir | Farm |
| 22:38 | Construir | Farm |
| 22:38 | Construir | Farm |
| 22:39 | Construir | Farm |
| 22:40 | Construir | Farm |
| 23:43 | Crear | Spearman |
| 23:46 | Construir | Barracks |
| 23:55 | Crear | Villager (Male) |
| 23:59 | Crear | Spearman |
| 23:59 | Crear | Spearman |
| 24:42 | Crear | Villager (Male) |
| 24:42 | Crear | Villager (Male) |
| 25:03 | Investigar | Pikeman (upgrade) |
| 25:51 | Crear | Villager (Male) |
| 25:52 | Crear | Villager (Male) |
| 25:55 | Crear | Villager (Male) |
| 25:56 | Construir | Town Center |
| 26:20 | Crear | Villager (Male) |
| 26:42 | Crear | Spearman |
| 26:43 | Crear | Spearman |
| 26:55 | Construir | House |
| 26:55 | Construir | House |
| 27:20 | Crear | Scorpion |
| 27:20 | Crear | Scorpion |
| 27:25 | Construir | House |
| 27:28 | Crear | Villager (Male) |
| 27:29 | Crear | Villager (Male) |
| 27:29 | Crear | Villager (Male) |
| 27:56 | Crear | Villager (Male) |
| 27:56 | Crear | Villager (Male) |
| 28:25 | Crear | Villager (Male) |
| 28:30 | Construir | Farm |
| 28:30 | Construir | Farm |
| 28:32 | Construir | Farm |
| 28:32 | Construir | Farm |
| 28:56 | Construir | Stone Wall |
| 28:57 | Construir | Stone Wall |
| 29:03 | Crear | Villager (Male) |
| 29:03 | Crear | Villager (Male) |
| 29:39 | Construir | Stone Wall |
| 29:49 | Construir | Stone Wall |
| 29:50 | Construir | Gate |
| 30:17 | Crear | Villager (Male) |
| 30:17 | Crear | Villager (Male) |
| 30:17 | Crear | Villager (Male) |
| 30:30 | Crear | Spearman |
| 30:30 | Crear | Spearman |
| 30:40 | Construir | House |
| 30:50 | Construir | Stone Wall |
| 30:54 | Crear | Spearman |
| 30:55 | Crear | Spearman |
| 31:02 | Construir | Palisade Wall |
Build order — trói em vào cột điện
Primeras 150 de 612 acciones detectadas
| 0:02 | Crear | Villager (Male) |
| 0:03 | Construir | House |
| 0:04 | Construir | House |
| 0:14 | Crear | Villager (Male) |
| 0:19 | Investigar | Loom |
| 0:20 | Crear | Villager (Male) |
| 0:20 | Crear | Villager (Male) |
| 0:24 | Crear | Villager (Male) |
| 0:26 | Crear | Villager (Male) |
| 0:28 | Crear | Villager (Male) |
| 0:28 | Crear | Villager (Male) |
| 0:53 | Construir | Palisade Wall |
| 1:52 | Crear | Villager (Male) |
| 2:13 | Construir | Lumber Camp |
| 2:35 | Crear | Villager (Male) |
| 3:09 | Crear | Villager (Male) |
| 3:09 | Crear | Villager (Male) |
| 3:30 | Crear | Villager (Male) |
| 3:49 | Construir | House |
| 3:58 | Crear | Villager (Male) |
| 3:58 | Crear | Villager (Male) |
| 4:12 | Crear | Villager (Male) |
| 4:13 | Crear | Villager (Male) |
| 4:31 | Crear | Villager (Male) |
| 4:31 | Crear | Villager (Male) |
| 5:03 | Crear | Villager (Male) |
| 5:05 | Crear | Villager (Male) |
| 5:23 | Crear | Villager (Male) |
| 5:45 | Construir | Mill |
| 6:55 | Crear | Villager (Male) |
| 7:35 | Investigar | Feudal Age |
| 7:36 | Investigar | Feudal Age |
| 8:21 | Crear | Villager (Male) |
| 8:28 | Construir | House |
| 8:51 | Crear | Villager (Male) |
| 9:14 | Construir | Mining Camp |
| 9:45 | Edad | Edad Feudal |
| 9:50 | Construir | Watch Tower |
| 9:56 | Construir | Stone Wall |
| 9:56 | Construir | Stone Wall |
| 9:59 | Construir | Watch Tower |
| 9:59 | Crear | Villager (Male) |
| 10:07 | Construir | Stone Wall |
| 10:13 | Crear | Villager (Male) |
| 10:15 | Construir | Stone Wall |
| 10:21 | Construir | Stone Wall |
| 10:31 | Construir | Stone Wall |
| 10:31 | Crear | Villager (Male) |
| 10:37 | Construir | Stone Wall |
| 10:47 | Construir | Stone Wall |
| 11:03 | Construir | Stone Wall |
| 11:07 | Construir | Stone Wall |
| 11:08 | Construir | Stone Wall |
| 11:25 | Construir | Lumber Camp |
| 11:30 | Crear | Villager (Male) |
| 11:38 | Crear | Villager (Male) |
| 11:43 | Crear | Villager (Male) |
| 11:58 | Crear | Villager (Male) |
| 12:21 | Construir | House |
| 12:35 | Construir | Stone Wall |
| 12:59 | Crear | Villager (Male) |
| 13:04 | Crear | Villager (Male) |
| 13:17 | Construir | Blacksmith |
| 13:33 | Crear | Villager (Male) |
| 13:45 | Construir | House |
| 13:45 | Crear | Villager (Male) |
| 13:50 | Investigar | Fletching |
| 13:50 | Investigar | Fletching |
| 14:00 | Construir | House |
| 14:02 | Construir | House |
| 14:09 | Crear | Villager (Male) |
| 14:11 | Construir | House |
| 14:12 | Crear | Villager (Male) |
| 14:19 | Crear | Villager (Male) |
| 14:50 | Construir | Watch Tower |
| 15:12 | Construir | House |
| 15:16 | Construir | Stone Wall |
| 15:34 | Construir | House |
| 15:46 | Construir | Stone Wall |
| 16:33 | Construir | Mining Camp |
| 16:41 | Construir | Dock |
| 17:09 | Crear | Villager (Male) |
| 17:13 | Crear | Villager (Male) |
| 17:57 | Construir | Stone Wall |
| 17:57 | Construir | Stone Wall |
| 17:59 | Construir | Stone Wall |
| 18:06 | Crear | Villager (Male) |
| 18:07 | Crear | Villager (Male) |
| 18:16 | Crear | Villager (Male) |
| 18:34 | Crear | Unit 2626 |
| 18:34 | Crear | Unit 2626 |
| 18:34 | Crear | Unit 2626 |
| 18:40 | Crear | Villager (Male) |
| 18:49 | Construir | Dock |
| 18:49 | Crear | Villager (Male) |
| 18:50 | Construir | Stone Wall |
| 18:51 | Construir | Stone Wall |
| 18:53 | Construir | Stone Wall |
| 18:59 | Crear | Villager (Male) |
| 19:14 | Crear | Villager (Male) |
| 19:19 | Crear | Unit 2626 |
| 19:38 | Crear | Unit 2626 |
| 19:39 | Crear | Villager (Male) |
| 19:52 | Crear | Unit 2626 |
| 19:53 | Crear | Villager (Male) |
| 19:58 | Construir | House |
| 19:59 | Construir | House |
| 20:11 | Construir | House |
| 20:12 | Construir | House |
| 20:28 | Construir | Farm |
| 20:29 | Construir | Farm |
| 20:29 | Construir | Farm |
| 20:29 | Construir | Farm |
| 20:29 | Construir | Farm |
| 20:30 | Construir | Farm |
| 20:48 | Crear | Villager (Male) |
| 20:51 | Construir | Farm |
| 20:51 | Construir | Farm |
| 20:51 | Construir | Farm |
| 20:51 | Construir | Farm |
| 20:52 | Construir | Farm |
| 20:52 | Construir | Farm |
| 20:52 | Construir | Farm |
| 20:55 | Crear | Villager (Male) |
| 21:10 | Construir | Farm |
| 21:10 | Construir | Farm |
| 21:10 | Construir | Farm |
| 21:20 | Crear | Villager (Male) |
| 21:27 | Construir | Stone Wall |
| 21:31 | Crear | Villager (Male) |
| 21:44 | Construir | Farm |
| 21:44 | Construir | Farm |
| 21:44 | Construir | Farm |
| 21:44 | Construir | Farm |
| 21:45 | Construir | Farm |
| 21:49 | Construir | Farm |
| 21:59 | Crear | Villager (Male) |
| 22:08 | Construir | Farm |
| 22:11 | Construir | Farm |
| 22:27 | Crear | Villager (Male) |
| 22:51 | Construir | Market |
| 23:06 | Construir | Farm |
| 23:24 | Crear | Villager (Male) |
| 23:26 | Construir | Farm |
| 23:49 | Construir | Lumber Camp |
| 24:08 | Investigar | Castle Age |
| 24:08 | Investigar | Castle Age |
| 25:00 | Investigar | Double-Bit Axe |
| 25:01 | Investigar | Double-Bit Axe |
| 25:04 | Investigar | Horse Collar |
Build order — VanillaCoke
Primeras 150 de 397 acciones detectadas
| 0:02 | Crear | Villager (Male) |
| 0:03 | Crear | Villager (Male) |
| 0:03 | Crear | Villager (Male) |
| 0:04 | Construir | House |
| 0:06 | Construir | House |
| 0:26 | Crear | Villager (Male) |
| 1:32 | Crear | Villager (Male) |
| 1:51 | Construir | Lumber Camp |
| 2:12 | Crear | Villager (Male) |
| 2:33 | Crear | Villager (Male) |
| 3:02 | Crear | Villager (Male) |
| 3:22 | Crear | Villager (Male) |
| 3:37 | Construir | House |
| 3:52 | Crear | Villager (Male) |
| 4:21 | Crear | Villager (Male) |
| 4:34 | Construir | Dock |
| 4:52 | Crear | Villager (Male) |
| 5:05 | Construir | House |
| 5:16 | Crear | Villager (Male) |
| 5:30 | Crear | Fishing Ship |
| 5:42 | Crear | Villager (Male) |
| 6:02 | Crear | Villager (Male) |
| 6:06 | Crear | Villager (Male) |
| 6:18 | Crear | Fishing Ship |
| 6:50 | Crear | Villager (Male) |
| 6:51 | Crear | Villager (Male) |
| 7:03 | Crear | Fishing Ship |
| 7:10 | Construir | House |
| 7:18 | Crear | Villager (Male) |
| 7:56 | Crear | Fishing Ship |
| 8:03 | Crear | Villager (Male) |
| 8:29 | Crear | Villager (Male) |
| 8:32 | Crear | Fishing Ship |
| 8:42 | Crear | Villager (Male) |
| 9:02 | Construir | House |
| 9:18 | Investigar | Feudal Age |
| 9:48 | Construir | Mining Camp |
| 9:57 | Construir | Mill |
| 10:02 | Crear | Villager (Male) |
| 10:27 | Crear | Villager (Male) |
| 11:38 | Edad | Edad Feudal |
| 11:43 | Construir | Market |
| 11:45 | Construir | Blacksmith |
| 12:34 | Investigar | Castle Age |
| 13:04 | Crear | Villager (Male) |
| 13:22 | Investigar | Double-Bit Axe |
| 14:07 | Construir | House |
| 14:10 | Crear | Villager (Male) |
| 14:15 | Investigar | Tech 906 |
| 14:33 | Construir | Dock |
| 15:13 | Crear | Villager (Male) |
| 15:14 | Edad | Edad de los Castillos |
| 15:19 | Construir | Town Center |
| 15:23 | Construir | Town Center |
| 15:25 | Crear | Villager (Male) |
| 15:58 | Construir | Lumber Camp |
| 16:00 | Crear | Villager (Male) |
| 16:29 | Crear | Demolition Raft |
| 16:37 | Crear | Demolition Raft |
| 16:40 | Crear | Fishing Ship |
| 16:42 | Crear | Villager (Male) |
| 16:49 | Crear | Villager (Male) |
| 16:54 | Crear | Villager (Male) |
| 16:55 | Crear | Villager (Male) |
| 17:06 | Crear | Fishing Ship |
| 17:06 | Crear | Fishing Ship |
| 17:20 | Construir | Fish Trap |
| 17:23 | Construir | Fish Trap |
| 17:26 | Construir | Fish Trap |
| 17:29 | Crear | Villager (Male) |
| 17:38 | Construir | House |
| 17:39 | Construir | House |
| 17:40 | Construir | House |
| 17:43 | Construir | House |
| 17:44 | Crear | Villager (Male) |
| 18:01 | Construir | Fish Trap |
| 18:12 | Crear | Demolition Raft |
| 18:15 | Crear | Fishing Ship |
| 18:16 | Crear | Fishing Ship |
| 18:16 | Crear | Fishing Ship |
| 18:16 | Crear | Villager (Male) |
| 18:23 | Construir | Mining Camp |
| 18:32 | Construir | Fish Trap |
| 18:40 | Construir | Fish Trap |
| 18:46 | Crear | Villager (Male) |
| 18:46 | Crear | Villager (Male) |
| 19:23 | Construir | Stone Wall |
| 19:30 | Construir | Fish Trap |
| 19:44 | Construir | Stone Wall |
| 19:46 | Crear | Villager (Male) |
| 19:55 | Construir | House |
| 19:56 | Construir | House |
| 20:01 | Construir | Fish Trap |
| 20:04 | Construir | Fish Trap |
| 20:09 | Crear | Demolition Raft |
| 20:09 | Crear | Demolition Raft |
| 20:16 | Crear | Fishing Ship |
| 20:16 | Crear | Fishing Ship |
| 20:17 | Crear | Villager (Male) |
| 20:26 | Construir | Stone Wall |
| 20:33 | Crear | Villager (Male) |
| 20:34 | Crear | Villager (Male) |
| 20:34 | Crear | Villager (Male) |
| 20:41 | Construir | Barracks |
| 20:43 | Investigar | Loom |
| 20:44 | Crear | Demolition Raft |
| 21:02 | Construir | Fish Trap |
| 21:05 | Construir | Fish Trap |
| 21:10 | Crear | Fishing Ship |
| 21:10 | Crear | Fishing Ship |
| 21:10 | Crear | Fishing Ship |
| 21:10 | Crear | Fishing Ship |
| 21:13 | Crear | Villager (Male) |
| 21:19 | Construir | Lumber Camp |
| 21:31 | Construir | Stable |
| 21:32 | Construir | Stable |
| 21:34 | Crear | Villager (Male) |
| 21:49 | Construir | Fish Trap |
| 21:53 | Construir | Fish Trap |
| 21:58 | Crear | Villager (Male) |
| 21:59 | Crear | Villager (Male) |
| 22:03 | Construir | Fish Trap |
| 22:05 | Investigar | Tech 1014 |
| 22:14 | Construir | Fish Trap |
| 22:20 | Construir | Fish Trap |
| 22:26 | Crear | Steppe Lancer |
| 22:33 | Crear | Steppe Lancer |
| 22:33 | Crear | Steppe Lancer |
| 22:38 | Construir | Fish Trap |
| 22:42 | Construir | Fish Trap |
| 22:43 | Crear | Villager (Male) |
| 22:52 | Crear | Steppe Lancer |
| 22:52 | Crear | Steppe Lancer |
| 22:53 | Crear | Villager (Male) |
| 23:02 | Construir | Pasture |
| 23:02 | Construir | Pasture |
| 23:02 | Construir | Pasture |
| 23:02 | Construir | Pasture |
| 23:03 | Construir | Pasture |
| 23:03 | Construir | Pasture |
| 23:11 | Construir | Stable |
| 23:12 | Construir | House |
| 23:13 | Construir | House |
| 23:14 | Construir | House |
| 23:15 | Crear | Villager (Male) |
| 23:22 | Crear | Steppe Lancer |
| 23:45 | Crear | Villager (Male) |
| 23:46 | Crear | Villager (Male) |
| 23:46 | Crear | Villager (Male) |
| 23:56 | Crear | Villager (Male) |
Build order — Donnie Darko
Primeras 150 de 599 acciones detectadas
| 0:02 | Crear | Villager (Male) |
| 0:03 | Construir | House |
| 0:04 | Construir | House |
| 0:19 | Crear | Villager (Male) |
| 0:19 | Crear | Villager (Male) |
| 0:19 | Crear | Villager (Male) |
| 0:20 | Crear | Villager (Male) |
| 0:20 | Crear | Villager (Male) |
| 0:42 | Investigar | Loom |
| 0:48 | Crear | Villager (Male) |
| 0:48 | Crear | Villager (Male) |
| 0:48 | Crear | Villager (Male) |
| 1:29 | Crear | Villager (Male) |
| 1:29 | Crear | Villager (Male) |
| 1:29 | Crear | Villager (Male) |
| 2:06 | Crear | Villager (Male) |
| 2:06 | Crear | Villager (Male) |
| 2:06 | Crear | Villager (Male) |
| 2:24 | Crear | Villager (Male) |
| 2:34 | Construir | House |
| 2:38 | Construir | House |
| 2:45 | Construir | Palisade Wall |
| 3:05 | Crear | Villager (Male) |
| 3:05 | Crear | Villager (Male) |
| 3:08 | Construir | Lumber Camp |
| 3:30 | Crear | Villager (Male) |
| 3:30 | Crear | Villager (Male) |
| 3:30 | Crear | Villager (Male) |
| 4:00 | Crear | Villager (Male) |
| 4:00 | Crear | Villager (Male) |
| 4:17 | Construir | House |
| 4:25 | Construir | House |
| 4:36 | Crear | Villager (Male) |
| 4:36 | Crear | Villager (Male) |
| 4:59 | Crear | Villager (Male) |
| 4:59 | Crear | Villager (Male) |
| 5:35 | Crear | Villager (Male) |
| 5:35 | Crear | Villager (Male) |
| 5:53 | Construir | House |
| 6:02 | Crear | Villager (Male) |
| 6:02 | Crear | Villager (Male) |
| 6:02 | Crear | Villager (Male) |
| 6:02 | Crear | Villager (Male) |
| 6:21 | Construir | Dock |
| 6:50 | Construir | Palisade Gate |
| 7:02 | Construir | House |
| 7:06 | Construir | House |
| 7:09 | Construir | House |
| 7:19 | Construir | House |
| 7:22 | Crear | Villager (Male) |
| 7:22 | Crear | Villager (Male) |
| 7:46 | Crear | Villager (Male) |
| 8:01 | Construir | House |
| 8:28 | Crear | Villager (Male) |
| 8:35 | Crear | Villager (Male) |
| 8:41 | Construir | Lumber Camp |
| 8:47 | Construir | Mill |
| 9:22 | Crear | Villager (Male) |
| 10:08 | Crear | Villager (Male) |
| 10:45 | Crear | Villager (Male) |
| 11:08 | Investigar | Feudal Age |
| 11:08 | Investigar | Feudal Age |
| 11:08 | Investigar | Feudal Age |
| 11:25 | Construir | Barracks |
| 11:29 | Construir | Dock |
| 12:00 | Crear | Villager (Male) |
| 12:05 | Construir | House |
| 12:19 | Crear | Villager (Male) |
| 13:15 | Crear | Fishing Ship |
| 13:20 | Edad | Edad Feudal |
| 13:25 | Construir | Market |
| 13:27 | Construir | Blacksmith |
| 13:51 | Crear | Villager (Male) |
| 14:04 | Construir | House |
| 14:09 | Crear | Fishing Ship |
| 14:31 | Investigar | Castle Age |
| 14:31 | Investigar | Castle Age |
| 14:52 | Crear | Fishing Ship |
| 15:05 | Investigar | Double-Bit Axe |
| 15:08 | Construir | Farm |
| 15:18 | Construir | Farm |
| 15:21 | Crear | Villager (Male) |
| 15:38 | Construir | Dock |
| 15:41 | Crear | Villager (Male) |
| 15:48 | Investigar | Tech 906 |
| 16:01 | Construir | Lumber Camp |
| 16:10 | Construir | Dock |
| 16:15 | Crear | Fishing Ship |
| 16:31 | Investigar | Horse Collar |
| 17:16 | Edad | Edad de los Castillos |
| 17:16 | Construir | Palisade Wall |
| 17:17 | Crear | Villager (Male) |
| 17:31 | Crear | Fishing Ship |
| 17:31 | Crear | Fishing Ship |
| 17:31 | Crear | Fishing Ship |
| 17:33 | Construir | House |
| 17:43 | Construir | Mining Camp |
| 17:58 | Construir | Farm |
| 18:07 | Construir | House |
| 18:10 | Crear | Villager (Male) |
| 18:11 | Investigar | Wheelbarrow |
| 18:28 | Construir | Town Center |
| 18:32 | Crear | Villager (Male) |
| 18:39 | Construir | Fish Trap |
| 18:49 | Construir | House |
| 19:11 | Crear | Villager (Male) |
| 19:17 | Investigar | Gillnets |
| 19:27 | Construir | House |
| 19:49 | Construir | Town Center |
| 20:03 | Crear | Villager (Male) |
| 20:04 | Crear | Villager (Male) |
| 20:08 | Crear | Fishing Ship |
| 20:08 | Crear | Fishing Ship |
| 20:16 | Construir | Fish Trap |
| 20:26 | Crear | Villager (Male) |
| 20:41 | Crear | Villager (Male) |
| 20:43 | Construir | Mining Camp |
| 20:50 | Crear | Fishing Ship |
| 20:50 | Crear | Fishing Ship |
| 20:52 | Construir | House |
| 20:55 | Crear | Villager (Male) |
| 20:57 | Crear | Villager (Male) |
| 21:01 | Crear | Villager (Male) |
| 21:22 | Construir | Fish Trap |
| 21:26 | Crear | Fishing Ship |
| 21:28 | Construir | House |
| 21:29 | Crear | Villager (Male) |
| 21:32 | Crear | Villager (Male) |
| 21:33 | Crear | Villager (Male) |
| 21:35 | Crear | Villager (Male) |
| 21:36 | Crear | Villager (Male) |
| 21:39 | Investigar | Gold Mining |
| 21:39 | Investigar | Gold Mining |
| 21:45 | Crear | Fishing Ship |
| 21:45 | Crear | Fishing Ship |
| 21:47 | Crear | Villager (Male) |
| 21:49 | Crear | Villager (Male) |
| 21:54 | Construir | Fish Trap |
| 22:05 | Construir | Fish Trap |
| 22:11 | Crear | Villager (Male) |
| 22:11 | Crear | Villager (Male) |
| 22:14 | Construir | Fish Trap |
| 22:17 | Construir | House |
| 22:31 | Construir | Fish Trap |
| 22:40 | Construir | Fish Trap |
| 22:40 | Crear | Villager (Male) |
| 22:41 | Crear | Villager (Male) |
| 22:52 | Construir | Stable |
| 22:54 | Crear | Villager (Male) |
| 22:55 | Crear | Villager (Male) |
Cronología de la partida
| 0:53 | trói em vào cột điện · wall_segment Palisade Wall x13 |
| 1:13 | 36 · wall_segment Palisade Wall x1 |
| 1:15 | 36 · wall_segment Palisade Wall x1 |
| 1:16 | 36 · wall_segment Palisade Wall x1 |
| 1:22 | 36 · wall_segment Palisade Wall x1 |
| 1:23 | 36 · wall_segment Palisade Wall x1 |
| 2:03 | 36 · wall_segment Palisade Wall x1 |
| 2:45 | Donnie Darko · wall_segment Palisade Wall x8 |
| 3:07 | 36 · wall_segment Palisade Wall x1 |
| 3:08 | 36 · wall_segment Palisade Wall x1 |
| 4:13 | stop_whining_start_winning · first_building Dock |
| 4:14 | 36 · wall_segment Palisade Wall x1 |
| 4:14 | 36 · wall_segment Palisade Wall x1 |
| 4:15 | 36 · wall_segment Palisade Wall x1 |
| 4:16 | 36 · wall_segment Palisade Wall x1 |
| 4:34 | VanillaCoke · first_building Dock |
| 4:59 | RedPanda · first_building Dock |
| 5:05 | 36 · wall_segment Palisade Wall x4 |
| 5:06 | Something Phoetic · first_building Barracks |
| 5:08 | 36 · wall_segment Palisade Wall x4 |
| 5:49 | 36 · wall_segment Palisade Wall x3 |
| 5:56 | Something Phoetic · wall_segment Palisade Wall x1 |
| 6:21 | Donnie Darko · first_building Dock |
| 6:22 | hp_wong · wall_segment Palisade Wall x1 |
| 6:22 | hp_wong · wall_segment Palisade Wall x1 |
| 6:23 | hp_wong · wall_segment Palisade Wall x1 |
| 6:23 | hp_wong · wall_segment Palisade Wall x1 |
| 6:24 | hp_wong · wall_segment Palisade Wall x1 |
| 6:25 | hp_wong · wall_segment Palisade Wall x1 |
| 6:25 | hp_wong · wall_segment Palisade Wall x1 |
| 7:38 | 36 · wall_segment Palisade Wall x1 |
| 7:51 | 36 · wall_segment Palisade Wall x1 |
| 9:32 | Something Phoetic · age_up feudal |
| 9:38 | hp_wong · wall_segment Palisade Wall x1 |
| 9:40 | hp_wong · wall_segment Palisade Wall x7 |
| 9:45 | trói em vào cột điện · age_up feudal |
| 9:56 | trói em vào cột điện · wall_segment Stone Wall x1 |
| 9:56 | trói em vào cột điện · wall_segment Stone Wall x1 |
| 10:07 | trói em vào cột điện · wall_segment Stone Wall x1 |
| 10:15 | trói em vào cột điện · wall_segment Stone Wall x1 |
| 10:21 | trói em vào cột điện · wall_segment Stone Wall x1 |
| 10:31 | trói em vào cột điện · wall_segment Stone Wall x1 |
| 10:37 | trói em vào cột điện · wall_segment Stone Wall x1 |
| 10:47 | trói em vào cột điện · wall_segment Stone Wall x1 |
| 11:03 | trói em vào cột điện · wall_segment Stone Wall x1 |
| 11:07 | trói em vào cột điện · wall_segment Stone Wall x1 |
| 11:08 | trói em vào cột điện · wall_segment Stone Wall x1 |
| 11:09 | 36 · age_up feudal |
| 11:25 | Donnie Darko · first_building Barracks |
| 11:28 | hp_wong · wall_segment Palisade Wall x1 |
| 11:38 | VanillaCoke · age_up feudal |
| 11:44 | hp_wong · age_up feudal |
| 11:52 | RedPanda · age_up feudal |
| 11:53 | hp_wong · wall_segment Stone Wall x1 |
| 11:56 | hp_wong · wall_segment Stone Wall x1 |
| 12:22 | stop_whining_start_winning · age_up feudal |
| 12:35 | trói em vào cột điện · wall_segment Stone Wall x1 |
| 12:46 | 36 · first_market_buy 100 food |
| 13:20 | Donnie Darko · age_up feudal |
| 14:02 | hp_wong · wall_segment Stone Wall x8 |
| 14:13 | Donnie Darko · first_market_sell 100 food |
| 14:20 | Donnie Darko · first_market_buy 100 food |
| 15:14 | VanillaCoke · age_up castle |
| 15:16 | trói em vào cột điện · wall_segment Stone Wall x1 |
| 15:41 | hp_wong · wall_segment Stone Wall x1 |
| 15:45 | 36 · age_up castle |
| 15:46 | trói em vào cột điện · wall_segment Stone Wall x1 |
| 15:47 | 36 · first_building Siege Workshop |
| 15:51 | 36 · first_building Barracks |
| 16:00 | stop_whining_start_winning · age_up castle |
| 16:01 | RedPanda · age_up castle |
| 16:32 | stop_whining_start_winning · first_building Siege Workshop |
| 16:41 | trói em vào cột điện · first_building Dock |
| 17:01 | stop_whining_start_winning · wall_segment Palisade Wall x1 |
| 17:03 | stop_whining_start_winning · wall_segment Palisade Wall x1 |
| 17:03 | hp_wong · age_up castle |
| 17:04 | stop_whining_start_winning · wall_segment Palisade Wall x1 |
| 17:09 | hp_wong · first_building Siege Workshop |
| 17:15 | Something Phoetic · first_market_buy 100 food |
| 17:16 | Donnie Darko · age_up castle |
| 17:16 | Something Phoetic · first_market_sell 100 wood |
| 17:16 | Donnie Darko · wall_segment Palisade Wall x10 |
| 17:16 | RedPanda · first_market_buy 100 stone |
| 17:28 | RedPanda · wall_segment Stone Wall x11 |
| 17:57 | trói em vào cột điện · wall_segment Stone Wall x1 |
| 17:57 | trói em vào cột điện · wall_segment Stone Wall x1 |
| 17:58 | Something Phoetic · wall_segment Stone Wall x9 |
| 17:59 | trói em vào cột điện · wall_segment Stone Wall x1 |
| 17:59 | RedPanda · wall_segment Stone Wall x1 |
| 18:02 | Something Phoetic · wall_segment Stone Wall x5 |
| 18:07 | RedPanda · first_building Siege Workshop |
| 18:08 | hp_wong · first_market_sell 100 food |
| 18:08 | hp_wong · first_market_buy 100 wood |
| 18:50 | trói em vào cột điện · wall_segment Stone Wall x1 |
| 18:51 | trói em vào cột điện · wall_segment Stone Wall x1 |
| 18:53 | trói em vào cột điện · wall_segment Stone Wall x1 |
| 19:23 | VanillaCoke · wall_segment Stone Wall x9 |
| 19:44 | VanillaCoke · wall_segment Stone Wall x7 |
| 20:03 | stop_whining_start_winning · first_market_buy 100 stone |
| 20:08 | Something Phoetic · age_up castle |
| 20:26 | VanillaCoke · wall_segment Stone Wall x1 |
| 20:41 | VanillaCoke · first_building Barracks |
| 21:27 | trói em vào cột điện · wall_segment Stone Wall x5 |
| 21:31 | VanillaCoke · first_building Stable |
| 21:31 | hp_wong · first_building Castle |
| 22:28 | VanillaCoke · first_market_sell 100 wood |
| 22:29 | VanillaCoke · first_market_buy 100 food |
| 22:49 | RedPanda · first_building Monastery |
| 22:52 | Donnie Darko · first_building Stable |
| 23:17 | stop_whining_start_winning · first_building Monastery |
| 23:36 | trói em vào cột điện · first_market_buy 100 food |
| 24:11 | stop_whining_start_winning · wall_segment Palisade Wall x1 |
| 24:12 | stop_whining_start_winning · wall_segment Palisade Wall x1 |
| 24:13 | stop_whining_start_winning · wall_segment Palisade Wall x1 |
| 24:15 | stop_whining_start_winning · wall_segment Palisade Wall x1 |
| 24:16 | stop_whining_start_winning · wall_segment Palisade Wall x1 |
| 24:23 | stop_whining_start_winning · wall_segment Palisade Wall x1 |
| 24:24 | stop_whining_start_winning · wall_segment Palisade Wall x1 |
| 24:57 | stop_whining_start_winning · first_building Barracks |
| 25:16 | stop_whining_start_winning · first_building Castle |
| 26:24 | RedPanda · first_market_sell 100 wood |
| 26:25 | Something Phoetic · first_building Monastery |
| 26:27 | VanillaCoke · first_building Castle |
| 26:48 | trói em vào cột điện · age_up castle |
| 27:43 | RedPanda · first_building Barracks |
| 27:59 | hp_wong · first_building Barracks |
| 28:25 | RedPanda · first_building Castle |
| 28:31 | RedPanda · first_building Archery Range |
| 28:49 | trói em vào cột điện · first_building Monastery |
| 28:56 | 36 · wall_segment Stone Wall x8 |
| 28:57 | 36 · wall_segment Stone Wall x6 |
| 29:39 | RedPanda · age_up imperial |
| 29:39 | 36 · wall_segment Stone Wall x1 |
| 29:46 | VanillaCoke · wall_segment Palisade Wall x1 |
| 29:49 | 36 · wall_segment Stone Wall x4 |
| 29:51 | Something Phoetic · first_building Archery Range |
| 30:04 | RedPanda · wall_segment Stone Wall x15 |
| 30:17 | Donnie Darko · first_building Castle |
| 30:41 | Something Phoetic · age_up imperial |
| 30:48 | stop_whining_start_winning · age_up imperial |
| 30:48 | stop_whining_start_winning · wall_segment Stone Wall x3 |
| 30:50 | 36 · wall_segment Stone Wall x8 |
| 31:00 | VanillaCoke · age_up imperial |
| 31:02 | 36 · wall_segment Palisade Wall x5 |
| 31:02 | trói em vào cột điện · wall_segment Stone Wall x11 |
| 31:03 | trói em vào cột điện · wall_segment Stone Wall x5 |
| 32:02 | Donnie Darko · first_building Monastery |
| 32:05 | stop_whining_start_winning · first_building Archery Range |
| 32:06 | VanillaCoke · first_building Siege Workshop |
| 32:19 | stop_whining_start_winning · first_market_sell 100 food |
| 33:52 | VanillaCoke · first_building Monastery |
| 34:06 | trói em vào cột điện · wall_segment Stone Wall x5 |
| 34:09 | trói em vào cột điện · wall_segment Stone Wall x1 |
| 34:11 | trói em vào cột điện · wall_segment Stone Wall x1 |
| 34:19 | stop_whining_start_winning · wall_segment Stone Wall x8 |
| 34:22 | stop_whining_start_winning · wall_segment Stone Wall x1 |
| 34:24 | trói em vào cột điện · wall_segment Stone Wall x1 |
| 34:25 | trói em vào cột điện · wall_segment Stone Wall x4 |
| 34:36 | 36 · wall_segment Stone Wall x1 |
| 34:39 | 36 · wall_segment Stone Wall x1 |
| 34:45 | 36 · wall_segment Palisade Wall x1 |
| 34:46 | 36 · wall_segment Palisade Wall x1 |
| 34:55 | 36 · wall_segment Palisade Wall x1 |
| 35:02 | Donnie Darko · tribute_sent a jugador 1 |
| 35:02 | Donnie Darko · tribute_sent a jugador 2 |
| 35:02 | Donnie Darko · tribute_sent a jugador 3 |
| 35:02 | Donnie Darko · tribute_sent a jugador 4 |
| 35:02 | Donnie Darko · tribute_sent a jugador 5 |
| 35:02 | Donnie Darko · tribute_sent a jugador 6 |
| 35:02 | Donnie Darko · tribute_sent a jugador 7 |
| 35:17 | Donnie Darko · tribute_sent a jugador 1 |
| 35:17 | Donnie Darko · tribute_sent a jugador 2 |
| 35:17 | Donnie Darko · tribute_sent a jugador 3 |
| 35:17 | Donnie Darko · tribute_sent a jugador 4 |
| 35:17 | Donnie Darko · tribute_sent a jugador 5 |
| 35:17 | Donnie Darko · tribute_sent a jugador 6 |
| 35:17 | Donnie Darko · tribute_sent a jugador 7 |
| 35:21 | stop_whining_start_winning · tribute_sent a jugador 2 |
| 35:21 | stop_whining_start_winning · tribute_sent a jugador 3 |
| 35:21 | stop_whining_start_winning · tribute_sent a jugador 4 |
| 35:21 | stop_whining_start_winning · tribute_sent a jugador 5 |
| 35:21 | stop_whining_start_winning · tribute_sent a jugador 6 |
| 35:21 | stop_whining_start_winning · tribute_sent a jugador 7 |
| 35:21 | stop_whining_start_winning · tribute_sent a jugador 8 |
| 35:45 | stop_whining_start_winning · wall_segment Stone Wall x10 |
| 36:39 | trói em vào cột điện · first_building Barracks |
| 36:54 | 36 · wall_segment Stone Wall x1 |
| 36:56 | 36 · wall_segment Stone Wall x4 |
| 37:08 | 36 · wall_segment Stone Wall x1 |
| 37:10 | 36 · wall_segment Stone Wall x1 |
| 37:12 | Donnie Darko · age_up imperial |
| 37:45 | trói em vào cột điện · first_building Stable |
| 38:34 | hp_wong · wall_segment Stone Wall x13 |
| 38:43 | stop_whining_start_winning · wall_segment Stone Wall x16 |
| 38:45 | trói em vào cột điện · first_building Castle |
| 38:48 | VanillaCoke · wall_segment Stone Wall x13 |
| 39:05 | 36 · age_up imperial |
| 39:09 | RedPanda · tribute_sent a jugador 1 |
| 39:09 | RedPanda · tribute_sent a jugador 3 |
| 39:09 | RedPanda · tribute_sent a jugador 4 |
| 39:09 | RedPanda · tribute_sent a jugador 5 |
| 39:09 | RedPanda · tribute_sent a jugador 6 |
| 39:09 | RedPanda · tribute_sent a jugador 7 |
| 39:09 | RedPanda · tribute_sent a jugador 8 |
| 39:29 | stop_whining_start_winning · tribute_sent a jugador 2 |
| 39:29 | stop_whining_start_winning · tribute_sent a jugador 3 |
| 39:29 | stop_whining_start_winning · tribute_sent a jugador 4 |
| 39:29 | stop_whining_start_winning · tribute_sent a jugador 5 |
| 39:29 | stop_whining_start_winning · tribute_sent a jugador 6 |
| 39:29 | stop_whining_start_winning · tribute_sent a jugador 7 |
| 39:29 | stop_whining_start_winning · tribute_sent a jugador 8 |
| 39:31 | trói em vào cột điện · age_up imperial |
| 39:32 | Donnie Darko · first_building Siege Workshop |
| 39:32 | trói em vào cột điện · wall_segment Stone Wall x1 |
| 40:06 | trói em vào cột điện · wall_segment Stone Wall x1 |
| 40:06 | trói em vào cột điện · wall_segment Stone Wall x2 |
| 40:23 | 36 · first_building Castle |
| 40:34 | VanillaCoke · wall_segment Stone Wall x9 |
| 40:35 | VanillaCoke · wall_segment Stone Wall x1 |
| 40:50 | hp_wong · wall_segment Stone Wall x12 |
| 40:50 | Something Phoetic · first_building Castle |
| 41:08 | trói em vào cột điện · first_market_sell 100 food |
| 41:24 | Donnie Darko · wall_segment Stone Wall x10 |
| 41:35 | VanillaCoke · wall_segment Stone Wall x8 |
| 41:37 | VanillaCoke · wall_segment Stone Wall x5 |
| 41:46 | trói em vào cột điện · wall_segment Stone Wall x1 |
| 42:37 | trói em vào cột điện · first_building Archery Range |
| 43:01 | stop_whining_start_winning · tribute_sent a jugador 2 |
| 43:01 | stop_whining_start_winning · tribute_sent a jugador 3 |
| 43:01 | stop_whining_start_winning · tribute_sent a jugador 4 |
| 43:01 | stop_whining_start_winning · tribute_sent a jugador 5 |
| 43:01 | stop_whining_start_winning · tribute_sent a jugador 6 |
| 43:01 | stop_whining_start_winning · tribute_sent a jugador 7 |
| 43:01 | stop_whining_start_winning · tribute_sent a jugador 8 |
| 43:37 | trói em vào cột điện · wall_segment Stone Wall x3 |
| 44:19 | stop_whining_start_winning · tribute_sent a jugador 2 |
| 44:19 | stop_whining_start_winning · tribute_sent a jugador 3 |
| 44:19 | stop_whining_start_winning · tribute_sent a jugador 4 |
| 44:19 | stop_whining_start_winning · tribute_sent a jugador 5 |
| 44:19 | stop_whining_start_winning · tribute_sent a jugador 6 |
| 44:19 | stop_whining_start_winning · tribute_sent a jugador 7 |
| 44:19 | stop_whining_start_winning · tribute_sent a jugador 8 |
| 45:03 | 36 · wall_segment Stone Wall x1 |
| 45:03 | 36 · wall_segment Stone Wall x1 |
| 45:49 | hp_wong · age_up imperial |
| 46:22 | stop_whining_start_winning · tribute_sent a jugador 2 |
| 46:22 | stop_whining_start_winning · tribute_sent a jugador 3 |
| 46:22 | stop_whining_start_winning · tribute_sent a jugador 4 |
| 46:22 | stop_whining_start_winning · tribute_sent a jugador 5 |
| 46:22 | stop_whining_start_winning · tribute_sent a jugador 6 |
| 46:22 | stop_whining_start_winning · tribute_sent a jugador 7 |
| 46:22 | stop_whining_start_winning · tribute_sent a jugador 8 |
| 46:23 | Donnie Darko · tribute_sent a jugador 1 |
| 46:23 | Donnie Darko · tribute_sent a jugador 2 |
| 46:23 | Donnie Darko · tribute_sent a jugador 3 |
| 46:23 | Donnie Darko · tribute_sent a jugador 4 |
| 46:23 | Donnie Darko · tribute_sent a jugador 5 |
| 46:23 | Donnie Darko · tribute_sent a jugador 6 |
| 46:23 | Donnie Darko · tribute_sent a jugador 7 |
| 46:51 | 36 · wall_segment Stone Wall x4 |
| 47:14 | stop_whining_start_winning · tribute_sent a jugador 2 |
| 47:14 | stop_whining_start_winning · tribute_sent a jugador 3 |
| 47:14 | stop_whining_start_winning · tribute_sent a jugador 4 |
| 47:14 | stop_whining_start_winning · tribute_sent a jugador 5 |
| 47:14 | stop_whining_start_winning · tribute_sent a jugador 6 |
| 47:14 | stop_whining_start_winning · tribute_sent a jugador 7 |
| 47:14 | stop_whining_start_winning · tribute_sent a jugador 8 |
| 48:30 | 36 · wall_segment Stone Wall x1 |
| 48:32 | 36 · wall_segment Stone Wall x2 |
| 48:46 | 36 · wall_segment Stone Wall x4 |
| 48:47 | Something Phoetic · wall_segment Stone Wall x1 |
| 48:54 | 36 · wall_segment Stone Wall x3 |
| 48:59 | 36 · wall_segment Stone Wall x5 |
| 50:07 | trói em vào cột điện · tribute_sent a jugador 1 |
| 50:07 | trói em vào cột điện · tribute_sent a jugador 2 |
| 50:07 | trói em vào cột điện · tribute_sent a jugador 3 |
| 50:07 | trói em vào cột điện · tribute_sent a jugador 4 |
| 50:07 | trói em vào cột điện · tribute_sent a jugador 5 |
| 50:07 | trói em vào cột điện · tribute_sent a jugador 7 |
| 50:07 | trói em vào cột điện · tribute_sent a jugador 8 |
| 50:32 | stop_whining_start_winning · resign |
[ ANÁLISIS IA · 1 CRÉDITO ]
¿Qué pasó realmente en esta partida?
Wolo.gg analiza cada decisión: build order, eco, micro, errores típicos por bracket. Análisis personalizado por WhatsApp o Discord en 30 segundos.
Guía civ
Bohemios
Perfil
Jugador #19501096